 Dungeon Crawl Stone Soup version 0.29.0-13-gc9e81de378 (webtiles) character file.

Game seed: 7213709190660189853

41 mortz the Conjurer (level 3, -3/19 HPs)
             Began as a Kobold Conjurer on Sept 10, 2022.
             Was a Follower of Elyvilon.
             Slain by Terence
             ... wielding a +0 short sword
              (6 damage)
             ... on level 2 of the Dungeon.
             The game lasted 00:05:49 (1326 turns).

mortz the Conjurer (Kobold Conjurer)                Turns: 1326, Time: 00:05:50

Health: -3/19      AC:  5    Str:  4    XL:     3   Next: 75%
Magic:  4/6        EV: 15    Int: 21    God:    Elyvilon [*.....]
Gold:   133        SH:  0    Dex: 13    Spells: 3/6 levels left

rFire   . . .      SeeInvis .   a - +0 dagger
rCold   . . .      Faith    .   (no shield)
rNeg    . . .      Spirit   .   j - +2 robe {Will+}
rPois   .          Reflect  .   (no helmet)
rElec   .          Harm     .   d - +0 cloak
rCorr   .          Rampage  .   (no gloves)
Will    +....                   (no boots)
Stlth   ++++......              (no amulet)
HPRegen 0.06/turn               (no ring)
MPRegen 0.10/turn               (no ring)

@: no status effects
A: small, no large weapons, nightstalker 3
a: Renounce Religion, Purification


You were on level 2 of the Dungeon.
You worshipped Elyvilon.
Elyvilon was aware of your devotion.
You visited 1 branch of the dungeon, and saw 2 of its levels.

You collected 133 gold pieces.

Inventory:

Hand Weapons
 a - a +0 dagger (weapon)
 h - a +0 short sword of speed
 i - a +0 dagger
Armour
 d - a +0 cloak (worn)
 f - a +0 leather armour
 j - a +2 robe of willpower (worn)
 k - a +1 hat of see invisible
Potions
 b - a potion of magic
 c - a potion of invisibility {unknown}
 e - a potion of haste {unknown}
 g - 2 potions of attraction {unknown}


   Skills:
 + Level 0.1 Fighting
 + Level 2.8 Dodging
 + Level 4.1 Stealth
 + Level 2.3 Spellcasting
 + Level 4.4 Conjurations


You had 3 spell levels left.
You knew the following spells:

 Your Spells              Type           Power      Damage    Failure   Level
a - Magic Dart            Conj           84%        1d7       2%          1
b - Searing Ray           Conj           42%        2d6       3%          2

Your spell library contained the following spells:

 Spells                   Type           Power      Damage    Failure   Level
 Dazzling Flash           Conj/Hex       22%        N/A       17%         3
 Fulminant Prism          Conj/Hex       5%         3d7       50%         4
 Iskenderun's Mystic Bla  Conj/Tloc      11%        2d4       50%         4


Dungeon Overview and Level Annotations

Branches:
Dungeon (2/15) Zot: 10677

Altars:
Elyvilon

Annotations:
D:2 Terence


Innate Abilities, Weirdness & Mutations

You are small and have problems with some larger weapons.
You are completely attuned to the shadows.


Message History

Keep equipping yourself?
You stop putting on your armour.
Terence attacks as you move away! Terence misses you.
Terence hits you with a +0 short sword. Terence attacks as you move away!
Terence barely misses you. Terence attacks as you move away!
Terence hits you with a +0 short sword. Terence hits you with a +0 short sword!
* * * LOW HITPOINT WARNING * * *
Okay, then.
Casting: Searing Ray (safe; 3% risk of failure)
Confirm with . or Enter, or press ? or * to list all spells.
Aiming: Searing Ray (safe; 3% risk of failure)
Press: ? - help, Shift-Dir - straight line, f - Terence
Aim: Terence, wielding a +0 short sword and wearing a +0 chain mail (berserk, 84% to hit)
The searing ray misses Terence. (Press . to maintain the ray.) Terence misses you.
The searing ray hits Terence.
Terence is lightly wounded.
Terence closely misses you. x2
The searing ray misses Terence.
Terence hits you with a +0 short sword.
* * * LOW HITPOINT WARNING * * *
The searing ray misses Terence.
You finish channelling your searing ray.
Terence barely misses you. x2
Casting: Searing Ray (safe; 3% risk of failure)
Confirm with . or Enter, or press ? or * to list all spells.
You don't have enough magic to cast this spell.
You don't have enough magic to cast this spell.
Magic courses through your body. Terence misses you.
Casting: Searing Ray (safe; 3% risk of failure)
Confirm with . or Enter, or press ? or * to list all spells.
Aiming: Searing Ray (safe; 3% risk of failure)
Press: ? - help, Shift-Dir - straight line, f/p - Terence
Aim: Terence, wielding a +0 short sword and wearing a +0 chain mail (lightly wounded, berserk, 84% to hit)
The searing ray hits Terence but does no damage.
Terence is lightly wounded. (Press . to maintain the ray.) Terence closely misses you.
Terence hits you with a +0 short sword.
You die...

#.........####.
#..............
#..........###
........
#........[>#
#..(....
#########.#
#....... #...#
#....... #.###
#.......
#.#########.......
#........@@.......
##########........
#........ #.......
####### ######
....<#


You could see Terence (berserk).

Vanquished Creatures
  An adder (D:2)
  2 dart slugs (D:2)
  4 bats
  2 endoplasms (D:2)
  3 goblins
  A hobgoblin (D:1)
  3 jackals (D:1)
  4 ball pythons
  A frilled lizard (D:1)
  3 kobolds (D:1)
  3 rats
27 creatures vanquished.

Notes
Turn   | Place    | Note
-------+----------+-------------------------------------------
     0 | D:1      | mortz the Kobold Conjurer began the quest for the Orb.
     0 | D:1      | Reached XP level 1. HP: 10/10 MP: 3/3
   249 | D:1      | Found a faded altar of an unknown god.
   279 | D:1      | Prayed at the altar of an unknown god.
   279 | D:1      | Became a worshipper of Elyvilon the Healer
   279 | D:1      | Reached * piety under Elyvilon
   395 | D:1      | Reached XP level 2. HP: 15/15 MP: 5/5
   399 | D:1      | Learned a level 2 spell: Searing Ray
   989 | D:2      | Reached XP level 3. HP: 19/19 MP: 6/6
  1311 | D:2      | Noticed Terence
  1326 | D:2      | Slain by Terence

Illustrated notes

Levels and vault maps discovered:
D:1:      lemuel_arrival_tunnels, layout_loops_ring,
          shapermc_ecumenical_altar_pompeii
D:2:      layout_basic, minmay_lizard_king, uniq_terence

Skill      XL: |  1  2  3 |
---------------+----------+-----
Stealth        | 3 4 |  4.1
Fighting       | |  0.1
Dodging        | |  2.8
Spellcasting   | |  2.3
Conjurations   | |  4.4

Action                   || total
-------------------------++-------
Melee: Dagger            ||     8
       Short sword       ||     9
 Cast: Magic Dart        ||    10
       Searing Ray       ||    10
  Use: Potion            ||     1
 Stab: Sleeping          ||    15
Armor: Robe              ||     1
Dodge: Dodged            ||    18
